 Dungeon Crawl Stone Soup version 0.17-a0-4-gb793c6d (webtiles) character file.

5835 Psiweapon the Fighter (level 10, 0/86 HPs)
             Began as a Mummy Necromancer on Mar 4, 2015.
             Was a Believer of Ashenzari.
             Slain by a wolf (4 damage)
             ... led by Grum
             ... on level 9 of the Dungeon.
             The game lasted 00:41:57 (9856 turns).

Psiweapon the Fighter (Mummy Necromancer)           Turns: 9856, Time: 00:41:58

Health: 0/86       AC: 10    Str: 12    XL:     10   Next: 51%
Magic:  10/25      EV: 13    Int: 16    God:    Ashenzari [**....]
Gold:   304        SH:  0    Dex: 12    Spells: 3 memorised, 8 levels left

rFire  x . .     SeeInvis .     e - +5 quarterstaff (chaos) (curse)
rCold  + + .     Clarity  .     s - +0 leather armour {rC+}
rNeg   + + +     SustAb   .     (no shield)
rPois  ∞         Gourm    .     B - +0 helmet
rElec  .         Spirit   .     R - +1 cloak {MR+}
rCorr  .         Warding  .     g - +0 pair of gloves
rMut   .         Stasis   .     k - +2 pair of boots {run}
MR     ++...                    (no amulet)
Stlth  +.........               M - +2 ring of evasion
                                v - ring of magical power

@: very slightly contaminated, quick, very resistant to hostile enchantments,
very unstealthy
A: no food or potions, fire vulnerability, restore body, cold resistance 1,
negative energy resistance 3, poison resistance, torment resistance, unbreathing
a: Renounce Religion


You were on level 9 of the Dungeon.
You worshipped Ashenzari.
Ashenzari was pleased with you.
You were not hungry.

You visited 2 branches of the dungeon, and saw 10 of its levels.
You also visited: Ossuary.

You collected 492 gold pieces.
You spent 188 gold pieces at shops.

Inventory:

Hand weapons
 e - a cursed +5 quarterstaff of chaos (weapon)
 m - a +0 whip of electrocution
 q - a cursed +1 morningstar
Missiles
 d - 79 stones (quivered)
 f - 4 tomahawks
 i - 3 throwing nets
Armour
 c - a +2 robe of magic resistance
 g - a +0 pair of gloves (worn)
 k - a +2 pair of boots of running (worn)
 s - a +0 leather armour of cold resistance (worn)
 z - the cursed +1 pair of boots of Beyond {Str+5}
   (You found it on level 4 of the Dungeon)

   It affects your strength (+5).
   It has a curse placed upon it.
 B - a +0 helmet (worn)
 R - a +1 cloak of magic resistance (worn)
Magical staves
 x - an uncursed staff of summoning
Jewellery
 p - an uncursed amulet of resist corrosion
 v - a ring of magical power (left hand)
 H - an uncursed ring of ice
 M - a +2 ring of evasion (right hand)
Magical devices
 j - a wand of digging (12)
 o - a wand of lightning (1)
 y - a wand of enslavement (7)
 A - a wand of teleportation (6)
 F - a wand of magic darts (26)
 L - a wand of random effects (14)
 O - a wand of enslavement (10)
 P - a wand of confusion (10)
Scrolls
 h - a scroll of noise
 l - 2 scrolls of enchant armour
 n - a scroll of fog {unknown}
 r - 2 scrolls of recharging
 t - a scroll of immolation {unknown}
 u - 3 scrolls of teleportation
 D - 4 scrolls of random uselessness
 E - 3 scrolls of identify
 I - 2 scrolls of curse jewellery
 J - 2 scrolls of blinking {unknown}
 K - a scroll of torment {unknown}
 N - a scroll of holy word {unknown}
 Q - a scroll of magic mapping {unknown}
Books
 b - a book of Necromancy

   Spells                             Type                      Level
   a - Pain                           Necromancy                   1
   b - Animate Skeleton               Necromancy                   1
   c - Vampiric Draining              Necromancy                   3
   d - Regeneration                   Charms/Necromancy            3
   e - Animate Dead                   Necromancy                   4
   f - Control Undead                 Necromancy                   4


   Skills:
 - Level 10.5 Fighting
 + Level 8.0(11.0) Staves
 + Level 2.1 Armour
 - Level 1.5 Dodging
 - Level 1.5 Stealth
 - Level 2.0 Spellcasting
 - Level 7.4 Necromancy


You had 8 spell levels left.
You knew the following spells:

 Your Spells              Type           Power        Failure   Level  Hunger
a - Pain                  Necr           ####         1%          1    N/A
b - Vampiric Draining     Necr           ####......   4%          3    N/A
c - Animate Skeleton      Necr           N/A          1%          1    N/A

Dungeon Overview and Level Annotations

Branches:
Dungeon (9/15)             Temple (1/1) D:5
   Lair: D:8-11         Orc: D:9-12

Altars:
Ashenzari
Cheibriados
Elyvilon
Makhleb
Nemelex Xobeh
Okawaru
Qazlal
Ru
Sif Muna
Trog
Vehumet
Xom
Yredelemnul
Zin
The Shining One

Shops:
D:8 [

Annotations:
D:4 1 exclusion
D:9 Grum


Innate Abilities, Weirdness & Mutations

You do not eat or drink.
Your flesh is vulnerable to fire.
Your flesh is cold resistant.
You are immune to negative energy.
Your system is resistant to poisons.
You are immune to unholy pain and torment.
You can survive without breathing.


Message History

Grum starts to cry.
Grum zaps a wand.
The magic dart hits you!
Your orc skeleton hits the wolf but does no damage.
Your orc skeleton's attack snaps the wolf out of its fear.
The wolf misses you.
Your orc skeleton closely misses the wolf.
Your gnoll skeleton hits Grum but does no damage.
The wolf bites your orc skeleton!
Casting: Vampiric Draining
Confirm with . or Enter, or press ? or * to list all spells.
Aiming: Vampiric Draining
Press: ? - help, Shift-Dir - straight line, f - wolf, p - Grum
Aim: a wolf The wolf is heavily wounded.
You feel life coursing into your body. The wolf bites you.
* * * LOW HITPOINT WARNING * * *
The wolf bites your orc skeleton.
Your orc skeleton barely misses the wolf.
The wolf bites you.
You die...

..#....#....+.....#....########
..#....#....#.....#....#
..#....####.#.....#....#
..#.......#.#.....#....#
ZZ#.......#.#.$...#....#
ZZ#.......+.Z.....#.†..#
#Z#...<...#.#ZZ...#....#
#Z'..###'##.#.Zh..#....#
#.#..#..>.Z.#ZZh@.#....##
#Z#..#...Z..#.....#.....#
#Z####.Z....#...g.#.....#
#.Z.Z..Z.>..##...(#.....#
#............#....#.....#
#............#....#.....#
#............#....#.....#
#............######.....#
.....................####


You could see Grum (fleeing), 2 wolves, 2 friendly gnoll skeletons, a friendly
kobold skeleton, 2 friendly orc skeletons and a friendly orc skeleton.

Vanquished Creatures
  Pikel (D:9)
  Psyche (D:8)
  4 yaks (D:7)
  3 hippogriffs
  2 ice beasts
  A slave (D:9)
  2 phantoms
  A black bear (D:8)
  A sky beast (D:9)
  6 ogres
  A centaur (D:8)
  A crocodile (D:4)
  6 giant frogs
  2 scorpions (D:4)
  11 killer bees
  10 wights (D:8)
  A goliath beetle (D:6)
  5 crimson imps
  2 jellies
  2 centaur skeletons
  4 hounds
  Crazy Yiuf (D:4)
  4 orc priests
  A giant frog skeleton (D:8)
  9 orc wizards
  10 worker ants
  Ijyb (D:4)
  A hound zombie (Ossuary)
  5 mummies
  4 gnolls (D:9)
  5 adders
  A giant mite (D:3)
  3 worms
  An adder skeleton (D:4)
  4 giant geckos
  26 orcs
  10 bats
  5 giant cockroaches
  8 goblins
  14 hobgoblins
  17 kobolds
  A giant gecko skeleton (D:6)
  4 giant newts
  A goblin zombie (Ossuary)
  2 hobgoblin zombies
  4 jackals (D:4)
  3 kobold zombies (Ossuary)
  2 orc zombies
  9 rats
223 creatures vanquished.

Vanquished Creatures (collateral kills)
  A yak (D:7)
  2 crimson imps (D:7)
  A giant frog skeleton (D:3)
  An iguana (D:4)
  A hound zombie (D:5)
  A worker ant zombie (D:7)
  An adder skeleton (D:9)
  A giant gecko (D:6)
  3 orcs
  3 goblins
  A bat (D:3)
  3 hobgoblin zombies (Ossuary)
  A kobold zombie (Ossuary)
  An orc zombie (Ossuary)
  2 rats (D:4)
  A butterfly (D:8)
24 creatures vanquished.

Vanquished Creatures (others)
  A yak (D:7)
  A hippogriff skeleton (D:7)
  A human skeleton (D:8)
  2 ogre skeletons
  An adder skeleton (D:8)
  An iguana skeleton (D:4)
  3 bat skeletons
  A giant newt skeleton (D:7)
  A goblin skeleton (D:4)
  4 hobgoblin skeletons
  A jackal skeleton (D:4)
  A kobold skeleton (D:3)
  3 orc skeletons
  3 rat skeletons
24 creatures vanquished.

Grand Total: 271 creatures vanquished

Notes
Turn   | Place    | Note
--------------------------------------------------------------
     0 | D:1      | Psiweapon, the Mummy Necromancer, began the quest for the Orb.
     0 | D:1      | Reached XP level 1. HP: 13/13 MP: 3/3
   371 | D:1      | Reached skill level 1 in Fighting
   483 | D:1      | Reached XP level 2. HP: 21/21 MP: 2/4
   807 | D:2      | Identified a +2 pair of boots of running (You found it on level 2 of the Dungeon)
   919 | D:2      | Found a burning altar of Makhleb.
  1013 | D:2      | Reached XP level 3. HP: 25/27 MP: 0/6
  1127 | D:2      | Learned a level 3 spell: Vampiric Draining
  1129 | D:2      | Learned a level 1 spell: Animate Skeleton
  1615 | D:3      | Reached XP level 4. HP: 34/34 MP: 4/7
  1691 | D:3      | Reached skill level 5 in Necromancy
  2651 | D:3      | Reached XP level 5. HP: 41/41 MP: 9/9
  3093 | D:4      | Noticed Ijyb
  3122 | D:4      | Noticed an ogre
  3133 | D:4      | Killed an ogre
  3133 | D:4      | Reached XP level 6. HP: 20/48 MP: 9/10
  3138 | D:4      | Reached skill level 6 in Necromancy
  3677 | D:4      | Found a glowing silver altar of Zin.
  3683 | D:4      | Reached skill level 5 in Fighting
  3748 | D:4      | Noticed a phantom
  3761 | D:4      | Reached XP level 7. HP: 53/56 MP: 12/12
  3780 | D:4      | Got a pair of twisted boots
  3814 | D:4      | Killed a phantom
  3887 | D:4      | Identified the +1 pair of boots of Beyond {Str+5} (You found it on level 4 of the Dungeon)
  3986 | D:4      | Reached skill level 7 in Necromancy
  4053 | D:4      | Killed Ijyb
  4548 | D:4      | Noticed Crazy Yiuf
  4554 | D:4      | Killed Crazy Yiuf
  4605 | D:4      | Reached skill level 1 in Staves
  4744 | D:4      | Reached XP level 8. HP: 31/65 MP: 8/13
  4847 | D:5      | Entered Level 5 of the Dungeon
  4853 | D:5      | Found a sparkling altar of Nemelex Xobeh.
  4877 | D:5      | Found a sand-covered staircase.
  4900 | Ossuary  | Entered an ossuary
  5381 | D:5      | Found a staircase to the Ecumenical Temple.
  5392 | Temple   | Entered the Ecumenical Temple
  5412 | Temple   | Became a worshipper of Ashenzari the Shackled
  5766 | D:5      | Found a deep blue altar of Sif Muna.
  5766 | D:5      | Found a stormy altar of Qazlal.
  5767 | D:5      | Found a white marble altar of Elyvilon.
  6579 | D:7      | Reached skill level 8 in Fighting
  6807 | D:7      | Found a shimmering altar of Xom.
  6813 | D:7      | Reached XP level 9. HP: 74/74 MP: 14/14
  6885 | D:7      | Reached skill level 5 in Staves
  7085 | D:7      | Reached skill level 9 in Fighting
  8163 | D:8      | Noticed Psyche
  8180 | D:8      | Killed Psyche
  8181 | D:8      | Reached skill level 10 in Fighting
  8184 | D:8      | Reached XP level 10. HP: 57/85 MP: 16/16
  8230 | D:8      | Your ally Psyche died
  8498 | D:8      | Found Kluxaana's Antique Armour Shop.
  8505 | D:8      | Bought a glowing cloak for 94 gold pieces
  8505 | D:8      | Bought a glowing cloak for 94 gold pieces
  9487 | D:9      | Acquired Ashenzari's first power
  9625 | D:9      | Noticed Pikel
  9641 | D:9      | Killed Pikel
  9641 | D:9      | Reached skill level 1 in Armour
  9841 | D:9      | Noticed Grum
  9854 | D:9      | HP: 2/86 [wolf[Grum] (5)]
  9856 | D:9      | Slain by a wolf

Action                   |  1- 3 |  4- 6 |  7- 9 | 10-12 || total
-------------------------+-------+-------+-------+-------++-------
Melee: Club              |    11 |       |       |       ||    11
       Hand axe          |    29 |     2 |       |       ||    31
       Morningstar       |       |   101 |    47 |       ||   148
       Quarterstaff      |       |       |   246 |   122 ||   368
Throw: Stone             |    14 |    13 |    13 |     4 ||    44
 Cast: Pain              |    37 |    27 |    45 |    13 ||   122
       Animate Skeleton  |     8 |    13 |    26 |    20 ||    67
       Vampiric Draining |       |    16 |    33 |    30 ||    79
Evoke: Wand              |       |       |     7 |       ||     7
  Use: Scroll            |       |       |     9 |     6 ||    15
 Stab: Sleeping          |     1 |     2 |     2 |     1 ||     6
       Paralysed         |       |       |     6 |       ||     6
       Petrifying        |       |       |     1 |       ||     1
       Distracted        |       |       |     1 |     1 ||     2
